 Dungeon Sprint DCSS version 0.21-a0-41-g5e91fef (webtiles) character file.

143 Kidiri the Magician (level 5, -8/32 HPs)
             Began as a Deep Elf Fire Elementalist on June 4, 2017.
             Mangled by a sun demon (23 damage)
             ... summoned by a kobold demonologist
             ... in the Dungeon (Sprint III: "The Ten Rune Challenge").
             The game lasted 00:02:06 (523 turns).

Kidiri the Magician (Deep Elf Fire Elementalist)     Turns: 523, Time: 00:02:06

Health: -8/32      AC:  2    Str:  7    XL:     5   Next: 4%
Magic:  1/17       EV: 15    Int: 21    God:
Gold:   24         SH:  0    Dex: 15    Spells: 6/19 levels left

rFire    . . .     SeeInvis .   (no weapon)
rCold    . . .     Gourm    .   (no shield)
rNeg     . . .     Faith    .   a - +0 robe
rPois    .         Spirit   .   (no helmet)
rElec    .         Reflect  .   (no cloak)
rCorr    .         Harm     .   (no gloves)
MR       .....     NoTele   +   (no boots)
Stlth    ++........             (no amulet)
Regen    0.1/turn               (no ring)
MPRegen  0.2/turn               (no ring)

@: very slightly contaminated
A: mutation resistance 1, strong 1
a: no special abilities


You were in the Dungeon.
You were not hungry.

You visited 1 branch You collected 24 gold pieces.

Inventory:

Armour
 a - a +0 robe (worn)
Scrolls
 i - a scroll of blinking
 l - 2 scrolls of immolation
 m - 2 scrolls of remove curse
 p - a scroll of identify
Potions
 d - 3 potions of curing
 e - a potion of heal wounds
 f - a potion of haste
 g - 2 potions of magic
 h - a potion of berserk rage
 o - 4 potions of flight
 q - a potion of resistance
Books
 b - a book of Flames

   Spells                             Type                      Level
   a - Flame Tongue                   Conjuration/Fire             1
   b - Throw Flame                    Conjuration/Fire             2
   c - Conjure Flame                  Conjuration/Fire             3
   d - Inner Flame                    Hexes/Fire                   3
   e - Sticky Flame                   Conjuration/Fire             4
   f - Fireball                       Conjuration/Fire             5
Comestibles
 c - a bread ration
 n - 4 royal jellies


   Skills:
 + Level 2.8 Fighting
 + Level 2.7 Armour
 + Level 5.0 Dodging
 - Level 2.4 Stealth
 * Level 7.9 Spellcasting
 + Level 4.1 Conjurations
 + Level 5.2 Fire Magic


You had 6 spell levels left.
You knew the following spells:

 Your Spells              Type           Power        Failure   Level  Hunger
a - Flame Tongue          Conj/Fire      ####.        1%          1    None
b - Throw Flame           Conj/Fire      ####..       1%          2    None
c - Conjure Flame         Conj/Fire      ####....     3%          3    None
d - Inner Flame           Hex/Fire       ###.....     9%          3    None
e - Sticky Flame          Conj/Fire      ####....     12%         4    ###....


Dungeon Overview and Level Annotations

Branches:
Dungeon (1/1)

Altars:
Kikubaaqudgha
Sif Muna
Vehumet


Innate Abilities, Weirdness & Mutations

You are somewhat resistant to further mutation.
Your muscles are strong. (Str +2)


Message History

Casting: Sticky Flame
Confirm with . or Enter, or press ? or * to list all spells.
Aiming: Flame Tongue
Press: ? - help, Shift-Dir - straight line, f - kobold demonologist
Aim: a kobold demonologist, wielding a dagger and wearing a robe The flame tongue hits the kobold demonologist.
The kobold demonologist is severely wounded.
The sun demon hits you.
You are engulfed in flames!
The kobold demonologist casts a spell.
Casting: Flame Tongue
Confirm with . or Enter, or press ? or * to list all spells.
Aiming: Flame Tongue
Press: ? - help, Shift-Dir - straight line, f/p - kobold demonologist
Aim: a kobold demonologist, wielding a dagger and wearing a robe (severely wounded)
The flame tongue hits the kobold demonologist.
The kobold demonologist appears unharmed.
The kobold demonologist is severely wounded.
The sun demon hits you!!
Ouch! That really hurt!
You die...

###.....♣♣ ♣..#
..#....≈.♣♣♣♣.###+#+###+
..#...≈≈♣♣....#.........
..#..≈≈≈≈...♣.'.⌠.......
#÷#..≈≈≈≈≈≈.♣.#...######
÷.#.≈≈≈≈≈≈....#.⌠.#
..#.≈≈≈≈≈.....#...#
..#.≈≈≈.......#'###
###...........#.@K#
..............#3_4#
▓▓▓▓▓▓▓▓▓▓▓▓▓▓▓▓▓▓▓


You could see a sun demon, a kobold demonologist and a red devil.

Vanquished Creatures
  A water elemental (D)
  A wizard (D)
  Jessica (D)
  A human (D)
  2 oozes (D)
  A phantom (D)
  A rat (D)
8 creatures vanquished.

Vanquished Creatures (others)
  2 draconian scorchers (D)
  6 hellions (D)
  2 yaktaurs (D)
  2 plants (D)
12 creatures vanquished.

Grand Total: 20 creatures vanquished

Notes
Turn   | Place    | Note
-------+----------+-------------------------------------------
     0 | D        | Kidiri the Deep Elf Fire Elementalist began the quest for the Orb.
     0 | D        | Reached XP level 1. HP: 10/10 MP: 6/6
     8 | D        | Reached skill level 1 in Fighting
     8 | D        | Reached skill level 1 in Armour
     8 | D        | Reached skill level 4 in Spellcasting
     8 | D        | Reached XP level 2. HP: 16/16 MP: 1/9
    12 | D        | Learned a level 2 spell: Throw Flame
    78 | D        | Killed a hellion
    80 | D        | Killed a yaktaur
    84 | D        | Noticed Jessica
    87 | D        | Killed Jessica
    87 | D        | Reached skill level 5 in Spellcasting
    87 | D        | Reached XP level 3. HP: 20/20 MP: 6/11
   105 | D        | Killed a hellion
   105 | D        | Killed a hellion
   106 | D        | Killed a hellion
   150 | D        | Killed a hellion
   158 | D        | Reached skill level 6 in Spellcasting
   160 | D        | Killed a hellion
   173 | D        | Killed a white draconian scorcher
   195 | D        | Killed a white draconian scorcher
   228 | D        | Learned a level 3 spell: Conjure Flame
   232 | D        | Learned a level 3 spell: Inner Flame
   379 | D        | Killed a yaktaur
   426 | D        | Gained mutation: Your spells are a little easier to cast, but a little less powerful. [potion of mutation]
   426 | D        | Gained mutation: You are resistant to hostile enchantments. (MR+) [potion of mutation]
   426 | D        | Gained mutation: Your system is resistant to poisons. (rPois) [potion of mutation]
   427 | D        | Lost mutation: Your spells are a little easier to cast, but a little less powerful. [potion of mutation]
   427 | D        | Lost mutation: You are resistant to hostile enchantments. (MR+) [potion of mutation]
   427 | D        | Lost mutation: Your system is resistant to poisons. (rPois) [potion of mutation]
   427 | D        | Gained mutation: Your muscles are strong. (Str +2) [potion of mutation]
   427 | D        | Gained mutation: You are somewhat resistant to further mutation. [potion of mutation]
   451 | D        | Noticed a water elemental
   455 | D        | Killed a water elemental
   455 | D        | Reached skill level 7 in Spellcasting
   455 | D        | Reached skill level 5 in Fire Magic
   455 | D        | Reached XP level 4. HP: 27/27 MP: 6/15
   466 | D        | Learned a level 4 spell: Sticky Flame
   516 | D        | Found a radiant altar of Vehumet.
   517 | D        | Found a deep blue altar of Sif Muna.
   517 | D        | Found an ancient bone altar of Kikubaaqudgha.
   517 | D        | Noticed a wizard
   520 | D        | Killed a wizard
   520 | D        | Reached skill level 5 in Dodging
   520 | D        | Reached XP level 5. HP: 32/32 MP: 3/17
   521 | D        | Noticed a sun demon
   523 | D        | Noticed a red devil
   523 | D        | Mangled by a sun demon

Vault maps used:
D:        dungeon_sprint_mu

Skill      XL: |  1  2  3  4 |
---------------+-------------+-----
Fighting       | 1 2 |  2.8
Armour         | 1 2 |  2.7
Spellcasting   | 4 5 7 |  7.9
Dodging        | 3 4 5 |  5.0
Conjurations   | 2 3 4 |  4.1
Fire Magic     | 4 5 |  5.2
Stealth        | |  2.4

Action                   |  1- 3 |  4- 6 || total
-------------------------+-------+-------++-------
 Cast: Flame Tongue      |    26 |     2 ||    28
       Throw Flame       |     2 |       ||     2
       Conjure Flame     |     1 |       ||     1
       Sticky Flame      |       |     1 ||     1
  Use: Scroll            |     2 |       ||     2
       Potion            |     2 |       ||     2
Dodge: Dodged            |     6 |     2 ||     8
